 Dungeon Crawl Stone Soup version 0.27-a0-909-g0721f309d1 (webtiles) character file.

Game seed: 15728377934210827237

153 Alarkh the Insei (level 5, -1/41 HPs)
             Began as a Demonspawn Gladiator on Apr 8, 2021.
             Blown up by Ijyb (16 damage)
             ... with a mindburst bolt
             ... on level 3 of the Dungeon.
             The game lasted 00:02:20 (1911 turns).

Alarkh the Insei (Demonspawn Gladiator)             Turns: 1911, Time: 00:02:21

Health: -1/41      AC:  6    Str: 14    XL:     5   Next: 12%
Magic:  5/5        EV: 12    Int: 10    God:
Gold:   87         SH:  0    Dex: 15    Spells: 4/4 levels left

rFire    . . .     SeeInvis .     - Unarmed
rCold    . . .     Faith    .   (no shield)
rNeg     . . .     Spirit   .   a - +0 leather armour
rPois    .         Reflect  .   b - +0 helmet
rElec    .         Harm     .   (no cloak)
rCorr    .         Rampage  .   (no gloves)
Will     .....                  (no boots)
Stlth    +.........             (no amulet)
HPRegen  0.13/turn              (no ring)
MPRegen  0.09/turn              (no ring)

@: no status effects
A: talons 1, molten scales 1, powered by death 1
a: no special abilities


You were on level 3 of the Dungeon.
You visited 1 branch of the dungeon, and saw 3 of its levels.

You collected 87 gold pieces.

Inventory:

Missiles
 c - 2 throwing nets (quivered)
 F - 26 poisoned darts
Armour
 a - a +0 leather armour (worn)
 b - a +0 helmet (worn)
Magical Staves
 h - a staff of cold
Wands
 i - a wand of paralysis (9)
Scrolls
 f - a scroll of noise {unknown}
 l - a scroll of identify {unknown}
 m - a scroll of torment {unknown}
Potions
 d - a potion of lignification {unknown}
 e - a potion of mutation {unknown}
 g - 2 potions of degeneration {unknown}
 j - a potion of brilliance {unknown}
 k - a potion of might {unknown}


   Skills:
 + Level 3.4 Fighting
 - Level 1.7 Throwing
 - Level 2.6 Dodging
 * Level 4.6 Unarmed Combat


You had 4 spell levels left.
You didn't know any spells.
Your spell library was empty.

Dungeon Overview and Level Annotations

Branches:
Dungeon (3/15)

Altars:

Annotations:
D:3 3 runed translucent doors, Ijyb, Purgy


Innate Abilities, Weirdness & Mutations

You have sharp toenails.
You are partially covered in molten scales. (AC +2)
You regenerate a little health from kills.


Message History

You punch the orc!
You kill the orc!
c - 2 throwing nets (gained 1)
Items here: ( )))) [[.
Okay, then.
You start resting.
HP restored.
Things that are here:
a +0 flail; an orc skeleton You now have 71 gold pieces (gained 11).
You enter the shallow water.
Moving in this stuff is going to be slow.
l - a scroll labelled TILLOF LIGUW You enter the shallow water.
Moving in this stuff is going to be slow.
m - a scroll labelled TYXIHE AJEMP You now have 87 gold pieces (gained 16).
Found a runed translucent gate.
Found a ring mail.
Ijyb the Twisted Goblin comes into view.
She is wielding a +0 club and carrying a wand of mindburst (8).
Ijyb is nearby!
Ijyb is nearby!
Ijyb shouts!
Found a stone staircase leading down.
Throw: 27 darts (poison)
Press: ? - help, Shift-Dir - straight line, f - Ijyb
Aim: Ijyb, wielding a +0 club, wearing a +0 leather armour and carrying a wand of mindburst (8) (51% to hit)
You throw a poisoned dart. The poisoned dart barely misses Ijyb.
Purgy the Meek comes into view.
Throw: 26 darts (poison)
Press: ? - help, Shift-Dir - straight line, f/p - Ijyb
Aim: Ijyb, wielding a +0 club, wearing a +0 leather armour and carrying a wand of mindburst (8) (51% to hit)
Okay, then.
Ijyb zaps a wand.
Your mind is blasted!
Ouch! That really hurt!
There is a large open door here.
You close the large door.
Ijyb opens the large door.
Ijyb zaps a wand.
Your mind is blasted!
You die...

......##≈≈.......≈...............
........≈≈..≈..≈.........#.......
....##...≈..≈≈.....####..#...≈..≈
...................#≈≈#....≈....≈
...................##≈##.........
....#......#........#≈≈≈≈≈≈≈≈.≈≈.
....#.####..........##≈≈≈≈≈≈≈≈≈≈≈
....#)#<...##.......####..≈......
......###...)...@................
......# #.#######..#####.........
......###......#.......+.......#.
...............#.#.#####.......##
##...........###.#.# #.........##
.............###...###..........#
....≈........#.....'##...........
...≈≈......(.#.....g###.........#
..≈≈#######.##...#............###


You could see Ijyb.

Vanquished Creatures
  A scorpion (D:3)
  Jessica (D:2)
  2 worms (D:2)
  2 dart slugs (D:1)
  6 orcs (D:3)
  4 ball pythons
  2 bats
  6 endoplasms
  4 giant cockroaches
  5 goblins
  4 hobgoblins
  2 quokkas (D:1)
  A frilled lizard (D:3)
  4 kobolds
  5 rats
49 creatures vanquished.

Notes
Turn   | Place    | Note
-------+----------+-------------------------------------------
     0 | D:1      | Alarkh the Demonspawn Gladiator began the quest for the
                  | Orb.
     0 | D:1      | Reached XP level 1. HP: 16/16 MP: 1/1
   150 | D:1      | Found a faded altar of an unknown god.
   189 | D:1      | Reached skill level 3 in Unarmed Combat
   240 | D:1      | Gained mutation: You regenerate a little health from kills.
                  | [demonic ancestry]
   240 | D:1      | Reached XP level 2. HP: 22/22 MP: 2/2
   676 | D:2      | Gained mutation: You are partially covered in molten
                  | scales. (AC +2) [demonic ancestry]
   676 | D:2      | Reached XP level 3. HP: 12/28 MP: 3/3
  1231 | D:2      | Noticed Jessica
  1238 | D:2      | Killed Jessica
  1239 | D:2      | Reached skill level 4 in Unarmed Combat
  1239 | D:2      | Gained mutation: You have sharp toenails. [demonic
                  | ancestry]
  1239 | D:2      | Reached XP level 4. HP: 26/34 MP: 4/4
  1386 | D:3      | Noticed a scorpion
  1406 | D:3      | Killed a scorpion
  1500 | D:3      | Reached XP level 5. HP: 39/41 MP: 5/5
  1648 | D:3      | HP: 1/41 [orc/+2 flail of protection (6)]
  1885 | D:3      | Found a runed translucent gate.
  1885 | D:3      | Found a runed translucent gate.
  1885 | D:3      | Found a runed translucent gate.
  1891 | D:3      | Noticed Ijyb
  1893 | D:3      | Noticed Purgy
  1911 | D:3      | Blown up by Ijyb

Illustrated notes

Levels and vault maps discovered:
D:1:      dpeg_arrival_windows_large_door, layout_loops_ring,
          basic_ecumenical_altar
D:2:      layout_basic, uniq_jessica
D:3:      layout_basic, gammafunk_ghost_icy, serial_rivers,
          chequers_serial_rivers_marsh, chequers_serial_rivers_small_3,
          chequers_serial_rivers_small_3, chequers_serial_rivers_small_b,
          chequers_serial_rivers_small_a, chequers_serial_rivers_marsh,
          uniq_purgy, uniq_ijyb

Skill      XL: |  1  2  3  4 |
---------------+-------------+-----
Unarmed Combat | 3 4 |  4.6
Fighting       | 3 |  3.4
Throwing       | |  1.7
Dodging        | |  2.6

Action                   |  1- 3 |  4- 6 || total
-------------------------+-------+-------++-------
Melee: Unarmed           |   129 |    63 ||   192
       Punch             |     4 |       ||     4
       Kick              |       |    24 ||    24
Throw: Dart              |     5 |     2 ||     7
       Throwing net      |       |     2 ||     2
 Stab: Sleeping          |     1 |       ||     1
       Held in net/web   |       |     1 ||     1
Armor: Leather armour    |    30 |    17 ||    47
Dodge: Dodged            |    57 |    38 ||    95

Table legend: (Time is in decaauts)
 A = Elapsed time spent in this place.
 B = Non-inter-level travel time spent in this place.
 C = Inter-level travel time spent in this place.
 D = Time resting spent in this place.
 E = Time spent auto-exploring this place.
 F = Levels seen in this place.
 G = Mean time per level.
                   A        B        C        D        E       F      G
               +--------+--------+--------+--------+--------+-----+--------+
         Total |   1903 |   1856 |     47 |    274 |   1172 |   3 |  634.3 |
       Dungeon |   1903 |   1856 |     47 |    274 |   1172 |   3 |  634.3 |
               +--------+--------+--------+--------+--------+-----+--------+

Top non-repeatable levels by time:
     D:2: 733 daAuts
     D:1: 641 daAuts
     D:3: 528 daAuts
